 Dungeon Crawl Stone Soup version 0.31-a0-978-g1e143483b6 (webtiles) character file.

Game seed: 4108327157872979091

4032 GigaChad the Cleaver (level 10, 0/3 (76) HPs) *EXPLORE*
             Began as a Human Fighter on Oct 30, 2023.
             Was an Initiate of Gozag.
             Slain by Jeremiah
             ... wielding a +2 trident of draining
              (3 damage)
             ... on level 8 of the Dungeon.
             The game lasted 00:12:01 (9371 turns).

GigaChad the Cleaver (Human Fighter)                Turns: 9371, Time: 00:12:01

HP:   0/3 (76)      AC: 15    Str: 20    XL:     10   Next: 48%
MP:   10/10         EV: 12    Int:  8    God:    Gozag
Gold: 356           SH:  6    Dex: 14    Spells: 9/9 levels left

rFire   . . .        a - +1 war axe
rCold   . . .        c - +1 buckler
rNeg    . . .        K - +0 plate armour
rPois   +            G - +1 helmet
rElec   .            (no cloak)
rCorr   .            (no gloves)
SInv    .            (no boots)
Will    .....        r - amulet of the acrobat Stlth
                     A - ring of poison resistance
HPRegen 0.20/turn    w - +5 ring of evasion
MPRegen 0.12/turn

%: acrobat
@: extremely drained
A: no striking features
a: Renounce Religion, Potion Petition, Call Merchant, Bribe Branch


You were on level 8 of the Dungeon.
You worshipped Gozag.
Gozag was aware of your devotion.
You visited 2 branches of the dungeon, and saw 9 of its levels.
You also visited: Sewer.

You collected 481 gold pieces.
You paid 125 gold pieces to Gozag.

Inventory:

Hand Weapons
 a - a +1 war axe (weapon)
 t - a +0 battleaxe
Missiles
 J - 2 throwing nets
Armour
 c - a +1 buckler (worn)
 G - a +1 helmet (worn)
 K - a +0 plate armour (worn)
Jewellery
 i - a ring of flight
 l - a ring of resist corrosion
 o - a ring of magical power
 p - a ring of fire
 r - an amulet of the acrobat (around neck)
 w - a +5 ring of evasion (right hand)
 A - a ring of poison resistance (left hand)
 H - a ring of see invisible
 M - an amulet of regeneration
 N - an amulet of magic regeneration
Wands
 u - a wand of mindburst (32)
 y - a wand of paralysis (5)
 C - a wand of flame (6)
 E - a wand of polymorph (6)
Scrolls
 b - a scroll of poison
 e - 3 scrolls of immolation
 g - 2 scrolls of torment
 j - 6 scrolls of identify
 s - 2 scrolls of fear
 v - 4 scrolls of teleportation
 B - a scroll of revelation {unknown}
 D - 4 scrolls of enchant weapon
 F - 2 scrolls of vulnerability
Potions
 d - 4 potions of might
 f - 2 potions of attraction {unknown}
 h - 4 potions of lignification
 k - 5 potions of curing
 m - a potion of invisibility {unknown}
 n - 2 potions of heal wounds
 q - 3 potions of enlightenment
 x - a potion of mutation {unknown}
 z - a potion of ambrosia {unknown}
 I - a potion of berserk rage {unknown}
 L - 3 potions of haste {unknown}


   Skills:
 * Level 6.1 Fighting
 * Level 8.9 Axes
 * Level 7.3 Armour
 * Level 4.3 Dodging
 * Level 4.9 Stealth
 * Level 5.3 Shields


You had 9 spell levels left.
You didn't know any spells.
Your spell library contained the following spells:

 Spells                   Type           Power      Damage    Failure   Level
 Apportation              Tloc           0%         N/A       100%        1
 Necrotise                Necr           0%         1d4       100%        1
 Summon Small Mammal      Summ           0%         N/A       100%        1
 Blink                    Tloc           0%         N/A       100%        2
 Lesser Beckoning         Tloc           0%         N/A       100%        2
 Momentum Strike          Conj/Tloc      0%         3d8       100%        2
 Poisonous Vapours        Pois/Air       0%         N/A       100%        2
 Mephitic Cloud           Conj/Pois/Air  0%         N/A       100%        3
 Freezing Cloud           Conj/Ice/Air   0%         6-21      100%        5


Dungeon Overview and Level Annotations

Branches:
Dungeon (8/15)             Temple (1/1) D:7           Sewer (visited)
   Lair: D:8-11

Altars:
Ashenzari
Cheibriados
Dithmenos
Elyvilon
Gozag
Hepliaklqana
Kikubaaqudgha
Makhleb
Nemelex Xobeh
Okawaru
Qazlal
Ru
Trog
Vehumet
Wu Jian
Xom
Zin
The Shining One

Annotations:
D:8 1 runed translucent door, Jeremiah; tsujin's ghost, novice GnSh
Temple 2 transporters


Message History

You closely miss the butterfly. Jeremiah barely misses you.
Unknown command.
You slash the butterfly!
You kill the butterfly!
The butterfly disappears in a burst of colours! x2
Jeremiah closely misses you.
Unknown command.
You slash the butterfly!
You kill the butterfly!
The butterfly disappears in a burst of colours!
Jeremiah hits you from afar with a +2 trident of draining.
Thought so.
You feel drained.
Unknown command.
You hit the butterfly.
You kill the butterfly!
The butterfly disappears in a burst of colours!
Jeremiah hits you but does no damage.
You feel drained.
Unknown command.
You hit the butterfly.
You kill the butterfly!
The butterfly disappears in a burst of colours!
Jeremiah hits you but does no damage.
You feel drained.
Unknown command.
You slash the butterfly!
You kill the butterfly!
The butterfly disappears in a burst of colours! x2
Jeremiah hits you but does no damage.
You feel drained.
You slash the butterfly!
You kill the butterfly!
The butterfly disappears in a burst of colours!
You block Jeremiah's attack.
Unknown command.
You miss the butterfly. Jeremiah hits you but does no damage.
You feel drained.
Jeremiah hits you from afar with a +2 trident of draining.
Ouch! That really hurt!
Thought so.
You feel drained.
Ouch! That really hurt!
You die...
Jeremiah wails, "I didn't mean to kill anyone!
I'm not a murderer!"
Your body crumbles into a pile of gold.

#.#######...###.######
#.###.b#..~..##)### #.
#<..#.b..≈≈~...)..###.
###.#.b#..~..#)###.##.
#.bbb##...##)# #.##.
#.#b####.###<###.##.
#.#F# #..#.#...###.
#.#b# ##...##.## #.
#.#@# ###.##.# #.
#b#.#######.##.# #.
#.#.#.......##.# #.
#.....b.######.# #.
###.#...# #.. ##
#.##### #####.. #.#
##.... #.#
########..... #.#
#.....#....≈≈


You could see Jeremiah.

Vanquished Creatures
  A sixfirhy (D:8)
  Grinder (D:6)
  Sigmund (D:6)
  An acid dragon (D:7)
  2 water moccasins
  An orc warrior (D:8)
  An ice beast (D:6)
  4 ogres (D:6)
  2 centaurs
  3 phantoms
  3 kobold brigands
  A bullfrog (D:7)
  Blork the orc (D:6)
  A gnoll sergeant (D:8)
  3 scorpions
  12 wights
  2 hounds (D:5)
  2 jellies
  3 orc priests
  Crazy Yiuf (D:6)
  2 iguanas (D:6)
  5 orc wizards
  8 gnolls
  8 adders
  2 white imps (D:6)
  2 ufetubi (D:7)
  3 worms
  2 dart slugs
  27 orcs
  7 ball pythons
  3 endoplasms
  6 giant cockroaches
  5 goblins
  4 hobgoblins
  3 jackals (D:5)
  17 kobolds
  3 quokkas
  5 bats
  A frilled lizard (D:3)
  5 rats
164 creatures vanquished.

Notes
Turn   | Place    | Note
-------+----------+-------------------------------------------
     0 | D:1      | GigaChad the Human Fighter began the quest for the Orb.
     0 | D:1      | Reached XP level 1. HP: 18/18 MP: 1/1
     0 | D:1      | Entered explore mode.
    90 | D:1      | Found a faded altar of an unknown god.
   404 | D:1      | Reached XP level 2. HP: 24/24 MP: 2/2
   895 | D:2      | Reached XP level 3. HP: 26/29 MP: 3/3
  1091 | D:2      | Found a glowing golden altar of the Shining One.
  1110 | D:2      | Noticed a scorpion
  1118 | D:2      | Killed a scorpion
  1119 | D:2      | Reached skill level 3 in Axes
  1119 | D:2      | Reached skill level 1 in Dodging
  1119 | D:2      | Reached skill level 1 in Stealth
  1119 | D:2      | Reached XP level 4. HP: 24/35 MP: 4/4
  1382 | D:3      | Reached XP level 5. HP: 41/41 MP: 5/5
  1497 | D:3      | Found a glowing drain.
  1502 | Sewer    | Entered a sewer
  1564 | Sewer    | Noticed a kobold brigand
  1594 | Sewer    | Slain by a kobold brigand
                  | ... wielding a +0 whip
                  | (4 damage)
  1595 | Sewer    | Killed a kobold brigand
  1596 | Sewer    | Reached XP level 6. HP: 48/48 MP: 6/6
  1612 | Sewer    | Found a glowing silver altar of Zin.
  2229 | D:4      | Reached skill level 4 in Axes
  2310 | D:4      | Killed by divine providence
                  | ... invoked by an orc priest
                  | (8 damage)
  2325 | D:4      | Reached XP level 7. HP: 23/53 MP: 7/7
  2336 | D:4      | Killed by divine providence
                  | ... invoked by an orc priest
                  | (10 damage)
  2634 | D:4      | Found an ornate altar of the Wu Jian Council.
  2912 | D:4      | Found a sparkling altar of Nemelex Xobeh.
  2912 | D:4      | Found a broken altar of Ashenzari.
  3226 | D:5      | Entered Level 5 of the Dungeon
  3277 | D:5      | Reached skill level 5 in Axes
  3465 | D:5      | Reached XP level 8. HP: 55/60 MP: 8/8
  3681 | D:5      | Reached skill level 5 in Armour
  4444 | D:6      | Noticed Blork the orc
  4458 | D:6      | Killed Blork the orc
  4898 | D:6      | Noticed Grinder
  4915 | D:6      | Paralysed by Grinder for 4 turns
  4921 | D:6      | Killed Grinder
  4922 | D:6      | Reached skill level 6 in Axes
  5303 | D:6      | Reached XP level 9. HP: 28/67 MP: 9/9
  5520 | D:6      | Demolished by an ogre
                  | ... wielding a +0 giant club
                  | (31 damage)
  5706 | D:6      | Found a runed translucent door.
  5706 | D:6      | Noticed Sigmund
  5707 | D:6      | Noticed Crazy Yiuf
  5716 | D:6      | Killed Sigmund
  5717 | D:6      | Reached skill level 5 in Fighting
  5898 | D:6      | Reached skill level 7 in Axes
  6210 | D:6      | Killed Crazy Yiuf
  6723 | D:7      | HP: 1/68 [acid dragon/splash of acid (16)]
  7331 | D:7      | Reached skill level 8 in Axes
  7331 | D:7      | Reached XP level 10. HP: 13/75 MP: 10/10
  7339 | D:7      | Reached skill level 5 in Shields
  7542 | D:7      | Found a burning altar of Makhleb.
  7593 | D:7      | Found a staircase to the Ecumenical Temple.
  7657 | Temple   | Found a transporter.
  7657 | Temple   | Found a transporter.
  7657 | Temple   | Found a transporter.
  7657 | Temple   | Found a transporter.
  7657 | Temple   | Entered the Ecumenical Temple
  8017 | D:8      | Noticed tsujin's ghost (novice GnSh)
  8146 | D:8      | Found a runed translucent door.
  8153 | D:8      | Found an opulent altar of Gozag.
  8164 | D:8      | Became a worshipper of Gozag Ym Sagoz the Greedy
  8572 | D:8      | Found a runed translucent door.
  8573 | D:8      | Noticed a sixfirhy
  8632 | D:8      | Killed a sixfirhy
  9010 | D:8      | Noticed Jeremiah
  9192 | D:8      | Killed by divine providence
                  | ... invoked by Jeremiah
                  | (15 damage)
  9266 | D:8      | Killed by divine providence
                  | ... invoked by Jeremiah
                  | (13 damage)
  9277 | D:8      | Slain by Jeremiah
                  | ... wielding a +2 trident of draining
                  | (6 damage)
  9329 | D:8      | Killed by divine providence
                  | ... invoked by Jeremiah
                  | (13 damage)
  9341 | D:8      | Killed by divine providence
                  | ... invoked by Jeremiah
                  | (13 damage)
  9346 | D:8      | Killed by divine providence
                  | ... invoked by Jeremiah
                  | (13 damage)
  9349 | D:8      | Killed by divine providence
                  | ... invoked by Jeremiah
                  | (8 damage)
  9354 | D:8      | Killed by divine providence
                  | ... invoked by Jeremiah
                  | (12 damage)
  9357 | D:8      | Killed by divine providence
                  | ... invoked by Jeremiah
                  | (14 damage)
  9366 | D:8      | Slain by Jeremiah
                  | ... wielding a +2 trident of draining
                  | (3 damage)
  9371 | D:8      | Slain by Jeremiah
                  | ... wielding a +2 trident of draining
                  | (6 damage)
  9371 | D:8      | Slain by Jeremiah

Illustrated notes

Levels and vault maps discovered:
D:1:      lemuel_arrival_cross, layout_basic, basic_ecumenical_altar,
          nrook_uturn, st_stairs_14, chequers_mini_garden
D:2:      layout_rooms, basic_altar, eino_tiny_chamber, grunt_decor_arrowhead,
          st_stairs_4
D:3:      layout_rooms, mainiacjoe_sewer_entry_somewhere_in_here_1,
          nicolae_elevator_lobby_plus
D:4:      layout_gridville, gammafunk_temple_overflow_elements,
          nicolae_wu_jian_immortal_techniques
D:5:      layout_loops_corners
D:6:      layout_basic, uniq_grinder, uniq_crazy_yiuf_cottage,
          uniq_blork_the_orc, uniq_sigmund
D:7:      layout_loops_ring, mainiacjoe_overflow_boulevard,
          minmay_temple_entry_slanted, kennysheep_diamond
D:8:      cheibrodos_shockbox, layout_loops_ring, grunt_gozag_breadcrumbs,
          tgw_sif, hellmonk_ghost_big_iron, amcnicky_mini_pool_small,
          uniq_jeremiah
Temple:   hellmonk_temple_divided_pantheon

Skill      XL: |  1  2  3  4  5  6  7  8  9 10 |
---------------+-------------------------------+-----
Axes           | 3 4 5 6 8 |  8.9
Dodging        | 1 2 3 4 |  4.3
Stealth        | 1 2 3 4 |  4.9
Armour         | 4 5 6 7 |  7.3
Fighting       | 4 5 6 |  6.1
Shields        | 4 5 |  5.3

Action                     |  1- 3 |  4- 6 |  7- 9 | 10-12 || total
---------------------------+-------+-------+-------+-------++-------
  Melee: War axe           |    82 |   140 |   310 |   334 ||   866
    Use: Scroll            |       |     5 |     6 |       ||    11
 Armour: Scale mail        |    66 |    99 |   234 |    29 ||   428
         Skin              |       |       |     4 |       ||     4
         Plate armour      |       |       |       |    69 ||    69
         Chain mail        |       |       |       |    21 ||    21
  Dodge: Dodged            |    29 |    63 |   139 |   126 ||   357
  Block: Buckler           |    25 |    25 |    90 |    71 ||   211

Table legend: (Time is in decaauts)
 A = Elapsed time spent in this place.
 B = Non-inter-level travel time spent in this place.
 C = Inter-level travel time spent in this place.
 D = Time resting spent in this place.
 E = Time spent auto-exploring this place.
 F = Levels seen in this place.
 G = Mean time per level.
                   A        B        C        D        E       F      G
               +--------+--------+--------+--------+--------+-----+--------+
         Total |   9578 |   9446 |    132 |    197 |   7271 |  10 |  957.8 |
       Dungeon |   9357 |   9225 |    132 |    197 |   7162 |   8 | 1169.6 |
        Temple |     31 |     31 |      0 |      0 |      0 |   1 |   31.0 |
         Sewer |    189 |    189 |      0 |      0 |    109 |   1 |  189.0 |
               +--------+--------+--------+--------+--------+-----+--------+

Top non-repeatable levels by time:
     D:6: 1970 daAuts
     D:7: 1613 daAuts
     D:8: 1527 daAuts
     D:4: 1100 daAuts
     D:5: 1085 daAuts
     D:1: 791 daAuts
     D:3: 669 daAuts
     D:2: 602 daAuts
   Sewer: 189 daAuts
  Temple: 31 daAuts
